 Dungeon Crawl Stone Soup version 0.22.1-2-g9c5b331 (webtiles) character file.

125 Fang the Skirmisher (level 5, -5/49 HPs)
             Began as a Gargoyle Berserker on Nov 28, 2018.
             Was a Priest of Trog.
             Slain by a gnoll
             ... wielding a +0 spear
              (7 damage)
             ... on level 3 of the Dungeon.
             The game lasted 00:03:07 (1970 turns).

Fang the Skirmisher (Gargoyle Berserker)            Turns: 1970, Time: 00:03:07

Health: -5/49      AC:  6    Str: 30    XL:     5   Next: 9%
Magic:  5/5        EV: 12    Int:  7    God:    Trog [***...]
Gold:   90         SH:  0    Dex:  9    Spells: 4/4 levels left

rFire    . . .     SeeInvis .   a - +0 hand axe
rCold    . . .     Gourm    .   (no shield)
rNeg     + . .     Faith    .   b - +0 animal skin
rPois    ∞         Spirit   .   (no helmet)
rElec    +         Reflect  .   (no cloak)
rCorr    .         Harm     .   (no gloves)
MR       .....                  (no boots)
Stlth    ..........             (no amulet)
HPRegen  0.16/turn              d - +3 ring of strength
MPRegen  0.09/turn              (no ring)

@: berserking, very quick
A: negative energy resistance 1, electricity resistance, unbreathing,
petrification resistance, rot immunity, AC +4
a: Berserk, Trog's Hand, Renounce Religion


You were on level 3 of the Dungeon.
You worshipped Trog.
Trog was most pleased with you.
You were not hungry.

You visited 1 branch of the dungeon, and saw 3 of its levels.

You collected 90 gold pieces.

Inventory:

Hand Weapons
 a - a +0 hand axe (weapon)
Armour
 b - a +0 animal skin (worn)
Jewellery
 d - a +3 ring of strength (left hand)
Scrolls
 e - a scroll of enchant weapon {unknown}
 g - 2 scrolls of blinking {unknown}
 h - 2 scrolls of remove curse {unknown}
 i - 4 scrolls of identify {unknown}
 j - a scroll of random uselessness {unknown}
Potions
 f - a potion of degeneration {unknown}
 k - a potion of mutation {unknown}
 m - a potion of cancellation {unknown}
Comestibles
 c - 3 rations


   Skills:
 + Level 4.2 Fighting
 + Level 3.9 Axes
 + Level 2.2 Armour
 + Level 2.4 Dodging
 + Level 0.8 Stealth


You had 4 spell levels left.
You didn't know any spells.
Your spell library was empty.

Dungeon Overview and Level Annotations

Branches:
Dungeon (3/15)

Altars:
Kikubaaqudgha
Vehumet


Innate Abilities, Weirdness & Mutations

You are resistant to torment.
Your stone body is resilient. (AC +4)
You are immune to poison.
You resist negative energy. (rN+)
You are resistant to electric shocks. (rElec)
You can survive without breathing.
You are immune to petrification.
You are immune to rotting.


Message History

You barely miss the gnoll.
The gnoll is moderately wounded.
You hit the gnoll. The gnoll misses you. The gnoll hits you.
* * * LOW HITPOINT WARNING * * *
The gnoll barely misses you.
Unknown command.
You slash the gnoll!
You kill the gnoll!
Trog accepts your kill.
You barely miss the rat. You completely miss the gnoll.
The rat completely misses you. The gnoll hits you but does no damage.
The gnoll barely misses you.
You see here a spear.
You slash the gnoll!
You kill the gnoll!
Trog accepts your kill.
You have reached level 5!
You barely miss the rat.
The gnoll hits you from afar with a spear!
You die...

######## ####......##
........[..#
####.####..# ##### ##.##
#..# #.g. ###...#
#..#####†#######
#.....###.......@...>...
...............#r#.####.
...).......#####.# #
#.########## ...
#.######## #.##
#........## #.#
..#####...# #.#
#.####.###.# #.#
...##.## ..


You could see a gnoll and a rat.

Vanquished Creatures
  2 gnolls (D:3)
  3 adders
  5 leopard geckos
  An orc (D:3)
  8 bats
  5 giant cockroaches
  7 goblins
  8 hobgoblins
  4 jackals (D:2)
  5 kobolds
  A quokka (D:2)
  A ball python (D:2)
  18 frilled lizards
  3 rats
71 creatures vanquished.

Vanquished Creatures (others)
  A leopard gecko (D:2)
1 creature vanquished.

Grand Total: 72 creatures vanquished

Notes
Turn   | Place    | Note
-------+----------+-------------------------------------------
     0 | D:1      | Fang the Gargoyle Berserker began the quest for the Orb.
     0 | D:1      | Reached XP level 1. HP: 14/14 MP: 1/1
    25 | D:1      | Reached XP level 2. HP: 6/19 MP: 2/2
   525 | D:1      | Reached XP level 3. HP: 17/24 MP: 3/3
   592 | D:1      | Reached ** piety under Trog
  1090 | D:2      | Reached skill level 4 in Fighting
  1114 | D:2      | Found an ancient bone altar of Kikubaaqudgha.
  1237 | D:2      | Reached XP level 4. HP: 22/29 MP: 4/4
  1505 | D:2      | Found a radiant altar of Vehumet.
  1967 | D:3      | HP: 1/43 [gnoll (5)]
  1970 | D:3      | Reached *** piety under Trog
  1970 | D:3      | Reached XP level 5. HP: 2/33 MP: 5/5
  1970 | D:3      | Slain by a gnoll

Skill      XL: |  1  2  3 |
---------------+----------+-----
Axes           | 3 |  3.9
Dodging        | 2 |  2.4
Fighting       | 4 |  4.2
Armour         | |  2.2
Stealth        | |  0.8

Action                   |  1- 3 |  4- 6 || total
-------------------------+-------+-------++-------
Melee: Hand axe          |   136 |    71 ||   207
Invok: Berserk           |       |     1 ||     1
 Stab: Sleeping          |     1 |       ||     1
  Eat: Chunk             |     1 |     3 ||     4
Armor: Animal skin       |    54 |    34 ||    88
Dodge: Dodged            |   116 |    49 ||   165
